 Dungeon Crawl Stone Soup version 0.21.1-1-g345015fe64 (webtiles) character file.

431 Gargoyl the Skirmisher (level 6, -1/52 HPs)
             Began as a Centaur Abyssal Knight on July 5, 2018.
             Was a Priest of Lugonu.
             Slain by a sky beast (2 damage)
             ... on level 5 of the Dungeon on July 6, 2018.
             The game lasted 00:08:26 (3915 turns).

Gargoyl the Skirmisher (Centaur Abyssal Knight)     Turns: 3915, Time: 00:08:27

Health: -1/52      AC: 12    Str: 15    XL:     6   Next: 67%
Magic:  8/8        EV:  2    Int: 11    God:    Lugonu [***...]
Gold:   168        SH:  0    Dex: 10    Spells: 5/5 levels left

rFire    . . .     SeeInvis .   n - +1 hand axe (elec)
rCold    . . .     Gourm    .   (no shield)
rNeg     . . .     Faith    .   d - +0 plate armour
rPois    .         Spirit   .   b - +0 helmet
rElec    .         Reflect  .   k - +0 cloak
rCorr    .         Harm     .   f - +0 pair of gloves
MR       .....                  (no barding)
Stlth    ..........             (no amulet)
HPRegen  0.17/turn              (no ring)
MPRegen  0.11/turn              (no ring)

@: very quick
A: large, hooves 3, deformed body, speed 2, tough skin 3
a: Depart the Abyss, Bend Space, Banish, Renounce Religion


You were on level 5 of the Dungeon.
You worshipped Lugonu.
Lugonu was most pleased with you.
You were very hungry.

You visited 1 branch of the dungeon, and saw 5 of its levels.
You visited the Abyss 1 time.

You collected 168 gold pieces.

Inventory:

Hand Weapons
 a - a +3 hand axe
 n - a +1 hand axe of electrocution (weapon)
 q - a +0 hand axe of freezing
Armour
 b - a +0 helmet (worn)
 d - a +0 plate armour (worn)
 f - a +0 pair of gloves (worn)
 k - a +0 cloak (worn)
Wands
 i - a wand of polymorph (14)
Scrolls
 l - 2 scrolls of magic mapping
 o - 2 scrolls of remove curse
Potions
 e - a potion of brilliance {unknown}
 g - 2 potions of heal wounds {unknown}
 h - 3 potions of lignification {unknown}
 j - 2 potions of curing
 m - 2 potions of agility {unknown}
 p - 4 potions of flight {unknown}
Comestibles
 c - 3 rations


   Skills:
 + Level 4.2 Fighting
 + Level 3.7 Axes
 * Level 3.4 Armour
 + Level 0.9 Dodging
 * Level 3.3 Invocations


You had 5 spell levels left.
You didn't know any spells.

Dungeon Overview and Level Annotations

Branches:
Dungeon (5/15)             Temple (0/1) D:4

Altars:
Zin

Shops:
D:4 *


Innate Abilities, Weirdness & Mutations

You have hooves in place of feet.
Armour fits poorly on your strangely shaped body.
You cover ground very quickly.
You have extremely tough skin. (AC +3)


Message History

The sky beast is moderately wounded.
The sky beast hits you.
* * * LOW HITPOINT WARNING * * *
The sky beast shocks you.
* * * LOW HITPOINT WARNING * * *
You barely miss the sky beast. You kick the sky beast.
The sky beast is heavily wounded.
You hit the orc. The sky beast hits you.
* * * LOW HITPOINT WARNING * * *
The sky beast shocks you.
* * * LOW HITPOINT WARNING * * *
The orc hits you with a whip.
* * * LOW HITPOINT WARNING * * *
You hit the sky beast.
The sky beast is severely wounded.
You hit the orc.
You kill the orc!
Lugonu accepts your kill.
You can now banish your foes.
The sky beast hits you.
You die...

##...#... .
##(....>. ..
#........ ...
.....#..###.....
................
#....#...# .....
.?......###.....
......)Y##......
....#.#@.#......
..##.#..(.......
. ###....[.#...
#...(..##
#......#
##..<.## ###...#
##..# #.#


You could see a sky beast.

Vanquished Creatures
  A centaur (D:5)
  3 orc wizards (D:4)
  Natasha (thrice) (D:3)
  An iguana (D:4)
  A worker ant (D:4)
  Robin (D:3)
  4 adders
  2 worms
  4 dart slugs
  4 leopard geckos
  5 orcs
  A ball python (D:2)
  2 giant cockroaches
  13 goblins
  11 hobgoblins
  7 jackals
  6 bats
  5 frilled lizards
  6 kobolds
  7 rats
87 creatures vanquished.

Notes
Turn   | Place    | Note
-------+----------+-------------------------------------------
     0 | Abyss:1  | Gargoyl the Centaur Abyssal Knight began the quest for the Orb.
     0 | Abyss:1  | Reached XP level 1. HP: 19/19 MP: 2/2
    47 | Abyss:2  | Found a corrupted altar of Lugonu.
    89 | Abyss:2  | Noticed a small abomination
    94 | Abyss:2  | Noticed a small abomination
   157 | Abyss:3  | Noticed a large abomination
   176 | Abyss:3  | Noticed a wretched star
   178 | D:1      | Escaped the Abyss
   613 | D:1      | Reached XP level 2. HP: 26/26 MP: 3/3
   626 | D:1      | Reached * piety under Lugonu
  1245 | D:2      | Reached XP level 3. HP: 31/31 MP: 4/4
  2176 | D:3      | Reached ** piety under Lugonu
  2250 | D:3      | Reached XP level 4. HP: 39/39 MP: 5/5
  2359 | D:3      | Noticed Robin
  2395 | D:3      | Killed Robin
  2486 | D:3      | Noticed Natasha
  2496 | D:3      | Killed Natasha
  2525 | D:3      | Noticed Natasha
  2536 | D:3      | Killed Natasha
  2536 | D:3      | Reached XP level 5. HP: 46/46 MP: 5/7
  2732 | D:3      | Noticed Natasha
  2735 | D:3      | Killed Natasha
  2808 | D:4      | Found Zin's Purification Station.
  2811 | D:4      | Found a glowing silver altar of Zin.
  3013 | D:4      | Reached skill level 4 in Fighting
  3014 | D:4      | Reached XP level 6. HP: 16/52 MP: 8/8
  3382 | D:4      | Found a staircase to the Ecumenical Temple.
  3884 | D:5      | Entered Level 5 of the Dungeon
  3884 | D:5      | Noticed a sky beast
  3914 | D:5      | HP: 2/52 [sky beast (6)]
  3915 | D:5      | Reached *** piety under Lugonu
  3915 | D:5      | Slain by a sky beast

Skill      XL: |  1  2  3  4  5 |
---------------+----------------+-----
Axes           | 2 3 |  3.7
Armour         | 2 3 |  3.4
Invocations    | 3 |  3.3
Fighting       | 4 |  4.2
Dodging        | |  0.9

Action                   |  1- 3 |  4- 6 || total
-------------------------+-------+-------++-------
Melee: Hand axe          |   110 |   125 ||   235
       Kick              |    18 |    17 ||    35
Invok: Depart the Abyss  |     1 |       ||     1
  Use: Scroll            |     7 |     3 ||    10
  Eat: Chunk             |     2 |     4 ||     6
Armor: Plate armour      |   144 |   124 ||   268
       Skin              |       |     5 ||     5
Dodge: Dodged            |     5 |    21 ||    26
